 Seeded DCSS version 0.30.1-9-gdf580d7c3d (webtiles) character file.

Game seed: 7229806256980976716 (custom seed)

152 Psyclone the Cutter (level 5, -6/31 HPs)
             Began as an Octopode Venom Mage on Sept 29, 2023.
             Mangled by a wyvern zombie (10 damage)
             ... on level 3 of the Dungeon.
             The game lasted 00:03:30 (2107 turns).

Psyclone the Cutter (Octopode Venom Mage)           Turns: 2107, Time: 00:03:30

Health: -6/31      AC:  1    Str:  8    XL:     5   Next: 34%
Magic:  26/26      EV: 13    Int: 27    God:
Gold:   138        SH:  0    Dex: 13    Spells: 7/8 levels left

rFire   . . .        a - +11 quick blade "Zekhebb" {drain, Fly MP+9 Dex+5}
rCold   + + .        (no shield)
rNeg    . . .        (helmet restricted)
rPois   +            (no amulet)
rElec   .            e - ring of the Mage {Wiz Archmagi}
rCorr   .            f - ring "Yjoxom" {Contam rPois rC++ MP+9 Int+8 Dex-4}
SInv    .            (no ring)
Will    .....        (no ring)
Stlth   +++          (no ring)
HPRegen 0.25/turn    (no ring)
MPRegen 0.20/turn    (no ring)
                     (no ring)

%: wizardry (x1), archmagi
@: flying
A: almost no armour, amphibious, 8 rings, camouflage 1, gelatinous body 1,
(nimble swimmer 1), tentacles
a: no special abilities


You were on level 3 of the Dungeon.
You visited 1 branch of the dungeon, and saw 3 of its levels.

You collected 138 gold pieces.

Inventory:

Hand Weapons
 a - the +11 quick blade "Zekhebb" (weapon) {drain, Fly MP+9 Dex+5}
   (You acquired it on level 1 of the Dungeon)

   Dex:       It affects your dexterity (+5).
   MP:        It affects your magic capacity (+9).
   Fly:       It grants you flight.
Missiles
 k - a throwing net {!f}
Jewellery
 e - the ring of the Mage (left tentacle) {Wiz Archmagi}
   (You acquired it on level 1 of the Dungeon)

   [ring of wizardry]

   It improves your spell success rate.
   Archmagi:  It increases the power of your magical spells.
 f - the ring "Yjoxom" (right tentacle) {Contam rPois rC++ MP+9 Int+8 Dex-4}
   (You acquired it on level 1 of the Dungeon)

   [ring of magical power]

   Int:       It affects your intelligence (+8).
   Dex:       It affects your dexterity (-4).
   rC:        It greatly protects you from cold.
   rPois:     It protects you from poison.
   MP:        It affects your magic capacity (+9).
   Contam:    It causes magical contamination when unequipped.
Scrolls
 b - 3 scrolls of amnesia {unknown}
 d - a scroll of teleportation {unknown}
 g - a scroll of enchant armour {unknown}
 j - 2 scrolls of blinking {unknown}
 l - 4 scrolls of identify {unknown}
 p - a scroll of poison {unknown}
Potions
 c - a potion of magic
 h - a potion of might {unknown}
 i - 2 potions of mutation {unknown}
 m - 2 potions of curing {unknown}
 n - 2 potions of brilliance {unknown}
 o - a potion of invisibility {unknown}


   Skills:
 + Level 4.8 Short Blades
 - Level 2.0 Dodging
 - Level 2.6 Stealth
 - Level 2.0 Spellcasting
 - Level 1.0 Transmutations
 - Level 3.6 Poison Magic


You had 7 spell levels left.
You knew the following spells:

 Your Spells              Type           Power      Damage    Failure   Level
a - Sting                 Tmut/Pois      88%        1d7       1%          1

Your spell library contained the following spells:

 Spells                   Type           Power      Damage    Failure   Level
 Poisonous Vapours        Pois/Air       36%        N/A       2%          2
 Cigotuvi's Dreadful Rot  Necr/Pois/Air  26%        N/A       3%          2
 Mephitic Cloud           Conj/Pois/Air  13%        N/A       8%          3
 Olgreb's Toxic Radiance  Pois           33%        N/A       9%          4
 Dispel Undead            Necr           4%         3d7       34%         4
 Freezing Cloud           Conj/Ice/Air   2%         6-21      69%         5
 Death Channel            Necr           2%         N/A       99%         6


Dungeon Overview and Level Annotations

Branches:
Dungeon (3/15) Zot: 15943

Altars:
Zin

Annotations:
D:3 lonewolfV2's ghost, amateur FoGl


Innate Abilities, Weirdness & Mutations

You cannot wear most types of armour.
You are amphibious.
You can wear up to eight rings at the same time.
Your skin changes colour to match your surroundings (Stealth+).
Your rubbery body absorbs attacks. (AC +1, EV +1)
((You are camouflaged when in or above water. (Stealth+)))
You have tentacles for arms and can constrict up to eight enemies at once.


Message History

Could not explore, unopened runed door.
No reachable target in view!
Could not explore, unopened runed door.
No reachable target in view!
Could not explore, unopened runed door.
No reachable target in view!
Could not explore, unopened runed door.
You reach down and open the gate.
The wyvern zombie bites you.
You take 4 damage, and have 27/31 hp.
The wyvern zombie attacks as you move away!
The wyvern zombie bites you.
You take 3 damage, and have 24/31 hp.
The wyvern zombie closely misses you.
The wyvern zombie attacks as you move away!
The wyvern zombie bites you!
You take 8 damage, and have 16/31 hp.
MASSIVE DAMAGE!!
The wyvern zombie bites you!
* * * LOW HITPOINT WARNING * * *
You take 7 damage, and have 9/31 hp.
MASSIVE DAMAGE!!
The wyvern zombie attacks as you move away!
The wyvern zombie closely misses you.
You hit the wyvern zombie.
The wyvern zombie is lightly damaged.
You hit the wyvern zombie.
The wyvern zombie is lightly damaged.
The wyvern zombie bites you.
* * * LOW HITPOINT WARNING * * *
You take 4 damage, and have 5/31 hp.
You hit the wyvern zombie.
The wyvern zombie is lightly damaged.
The wyvern zombie bites you.
* * * LOW HITPOINT WARNING * * *
You take 1 damage, and have 4/31 hp.
Okay, then.
You hit the wyvern zombie. You squeeze the wyvern zombie.
The wyvern zombie is moderately damaged.
You barely miss the wyvern zombie. You squeeze the wyvern zombie.
The wyvern zombie is moderately damaged.
The wyvern zombie bites you!
You die...

....#....#..#########...####
..#.)....#.## ###.#
..###.#..#.# #.#
..###.#....# #########
..#.......### ..#.#..
###.(###....# ##.$(..##
....## #.##.##### #.......#
###.# #.##.....####
##.....## ###.#
#.######.@Z.# #ZZ.....#
.††.# #.# ####W#####W''###
##..# #.# ##.ZZ##.....#
##..# #.# ##...........#
##..# #.## #............#
#.(.# #..# #............#
#.#.#####.## #............##
..#........# ##............#
.########..##
##....#...##.###


You could see lonewolfV2's ghost, a wyvern zombie, a bullfrog skeleton and a
howler monkey skeleton.

Vanquished Creatures
  A jelly (D:2)
  4 adders (D:2)
  An ufetubus (D:3)
  3 worms
  4 endoplasms
  5 giant cockroaches
  2 goblins
  5 hobgoblins
  20 jackals
  4 quokkas
  6 ball pythons
  5 bats
  A frilled lizard (D:1)
  4 rats
65 creatures vanquished.

Notes
Turn   | Place    | Note
-------+----------+-------------------------------------------
     0 | D:1      | Psyclone the Octopode Venom Mage began the quest for the
                  | Orb.
     0 | D:1      | Reached XP level 1. HP: 11/11 MP: 3/3
    80 | D:1      | Identified 3 scrolls of acquirement
    80 | D:1      | Acquired the ring of the Mage {Wiz Archmagi}
    80 | D:1      | Found the ring of the Mage {Wiz Archmagi}
    86 | D:1      | Acquired the ring "Yjoxom" {Contam rPois rC++ MP+9 Int+8
                  | Dex-4}
    94 | D:1      | Acquired the +11 quick blade "Zekhebb" {drain, Fly MP+9
                  | Dex+5}
   228 | D:1      | Reached skill level 1 in Short Blades
   277 | D:1      | Reached XP level 2. HP: 14/17 MP: 5/5
   311 | D:1      | Reached skill level 2 in Short Blades
   623 | D:1      | Reached XP level 3. HP: 20/21 MP: 6/6
   989 | D:2      | Reached skill level 3 in Short Blades
  1075 | D:2      | Reached XP level 4. HP: 27/27 MP: 7/7
  1104 | D:2      | Reached skill level 4 in Short Blades
  1346 | D:2      | Reached XP level 5. HP: 31/31 MP: 8/8
  1692 | D:3      | Found a runed translucent gate.
  1692 | D:3      | Found a runed translucent gate.
  1692 | D:3      | Found a runed translucent gate.
  1700 | D:3      | Noticed lonewolfV2's ghost (amateur FoGl)
  1758 | D:3      | Found a glowing silver altar of Zin.
  2107 | D:3      | Mangled by a wyvern zombie

Illustrated notes

Levels and vault maps discovered:
D:1:      spicycebolla_arrival_ecumenical, layout_loops_ring
D:2:      layout_basic
D:3:      layout_rooms, mainiacjoe_overflow_paths, gammafunk_ghost_necromancy

Skill      XL: |  1  2  3  4 |
---------------+-------------+-----
Short Blades   | 1 2 3 4 |  4.8
Dodging        | |  2.0
Stealth        | |  2.6
Spellcasting   | |  2.0
Transmutations | |  1.0
Poison Magic   | |  3.6

Action                     |  1- 3 |  4- 6 || total
---------------------------+-------+-------++-------
  Melee: Quick blade       |    48 |    56 ||   104
         Constrict         |    10 |    11 ||    21
         Tentacles         |     7 |     7 ||    14
    Use: Scroll            |     3 |       ||     3
   Stab: Sleeping          |     6 |     6 ||    12
 Armour: Skin              |     6 |     1 ||     7
  Dodge: Dodged            |    18 |    13 ||    31
